 Dungeon Crawl Stone Soup version 0.26-a0-1205-g4083c211ab (webtiles) character file.

Game seed: 5362569058270543159

11 CurlyBrace the Sneak (level 2, -7/14 HPs)
             Began as a Felid Delver on Dec 29, 2020.
             Mangled by Prince Ribbit (10 damage)
             ... on level 7 of the Dungeon.
             The game lasted 00:01:53 (100 turns).

CurlyBrace the Sneak (Felid Delver)                  Turns: 100, Time: 00:01:54

Health: -7/14      AC:  1    Str:  8    XL:     2   Next: 13%
Magic:  3/3        EV: 18    Int: 11    God:
Gold:   0          SH:  0    Dex: 17    Spells: 1/1 levels left
                                        Lives:  0   Deaths: 0

rFire    . . .     SeeInvis +     - Unarmed
rCold    . . .     Faith    .   (shield unavailable)
rNeg     . . .     Spirit   .   (armour unavailable)
rPois    .         Reflect  .   (helmet unavailable)
rElec    .         Harm     .   (cloak unavailable)
rCorr    .         Rampage  .   (gloves unavailable)
Will     .....                  (boots unavailable)
Stlth    ++++......             (no amulet)
HPRegen  0.04/turn              (no ring)
MPRegen  0.08/turn              (no ring)

@: hasted, very quick
A: very small, no armour, no weapons or thrown items, stealth, claws 1, fangs 3,
see invisible, speed 1, shaggy fur 1, sharp paws
a: no special abilities


You were on level 7 of the Dungeon.
You visited 1 branch of the dungeon, and saw 3 of its levels.

Inventory:

Wands
 v - a wand of digging (3)
Scrolls
 a - a scroll of fog
 c - a scroll of fear


   Skills:
 - Level 3.1 Fighting
 - Level 3.0 Dodging
 + Level 6.8 Stealth
 + Level 2.3 Unarmed Combat


You had one spell level left.
You didn't know any spells.
Your spell library was empty.

Dungeon Overview and Level Annotations

Branches:
Dungeon (7/15)
 Temple: D:4-7

Altars:
Nemelex Xobeh

Annotations:
D:7 Prince Ribbit


Innate Abilities, Weirdness & Mutations

You cannot wear armour.
You are incapable of wielding weapons or throwing items.
Your paws allow you to move quietly. (Stealth)
You have sharp claws.
You have razor-sharp teeth.
You have supernaturally acute eyesight. (SInv)
You cover ground quickly.
You are covered in fur. (AC +1)
Your sharp claws are effective at attacking unaware monsters.


Message History

You feel yourself speed up.
The bullfrog zombie completely misses you.
There is a stone staircase leading up here.
You open the door.
A worker ant comes into view.
Found 19 sling bullets.
There is an open door here.
Found a stone staircase leading down.
A leopard gecko comes into view.
Prince Ribbit comes into view.
You open the door.
Found a stone staircase leading down.
There is an open door here.
A howler monkey comes into view.
The helpless Prince Ribbit fails to defend himself.
You mangle Prince Ribbit!!
Prince Ribbit is severely wounded.
Prince Ribbit hits you!
Ouch! That really hurt!
You die...

#.......>.....#
#.............######
#.......##....##....
#.......##....##....
######'###....#.....
#.............#.....
#.............#.....
#.......B.....#.....
#..@..........##.B..
#.F.....##....##....
#.......##..........
#...................
#...................
#.......##....##....
#.......########....
#..h..... .....
.....


You could see Prince Ribbit, a howler monkey (asleep) and a worker ant.

Vanquished Creatures
  2 ufetubi
2 creatures vanquished.

Notes
Turn   | Place    | Note
-------+----------+-------------------------------------------
     0 | D:5      | CurlyBrace the Felid Delver began the quest for the Orb.
     0 | D:5      | Reached XP level 1. HP: 10/10 MP: 2/2
    16 | D:6      | Found a sparkling altar of Nemelex Xobeh.
    23 | D:6      | Noticed a centaur
    32 | D:6      | Noticed a bullfrog
    49 | D:7      | Reached XP level 2. HP: 7/14 MP: 3/3
    91 | D:7      | Noticed Prince Ribbit
    99 | D:7      | Noticed a howler monkey
   100 | D:7      | Mangled by Prince Ribbit

Illustrated notes

Levels and vault maps discovered:
D:5:      layout_gridville, minmay_temple_entry_large_hall, item_on_display_a,
          uniq_sigmund
D:6:      layout_cave_pools, general_overflow_altar, minmay_misc_feat_pillars
D:7:      layout_gridville, uniq_prince_ribbit1, uniq_menkaure

Skill      XL: |  1 |
---------------+----+-----
Dodging        | 3 |  3.0
Fighting       | |  3.1
Stealth        | |  6.8
Unarmed Combat | |  2.3

Action                   || total
-------------------------++-------
Melee: Unarmed           ||     8
  Use: Scroll            ||     1
       Potion            ||     1
 Stab: Sleeping          ||     2
Armor: Skin              ||     1
Dodge: Dodged            ||    14

Table legend: (Time is in decaauts)
 A = Elapsed time spent in this place.
 B = Non-inter-level travel time spent in this place.
 C = Inter-level travel time spent in this place.
 D = Time resting spent in this place.
 E = Time spent auto-exploring this place.
 F = Levels seen in this place.
 G = Mean time per level.
                   A        B        C        D        E       F      G
               +--------+--------+--------+--------+--------+-----+--------+
         Total |     71 |     71 |      0 |      0 |      0 |   3 |   23.7 |
       Dungeon |     71 |     71 |      0 |      0 |      0 |   3 |   23.7 |
               +--------+--------+--------+--------+--------+-----+--------+

Top non-repeatable levels by time:
     D:6: 35 daAuts
     D:7: 34 daAuts
     D:5: 1 daAuts
